[Event "Early-Titled-Tuesday-Blitz-February-13-2024"]
[Site "Chess.com"]
[Date "2024.02.13"]
[Round "10"]
[White "ajeale2"]
[Black "GMRAVEN_ON_YOUTUBE"]
[Result "0-1"]
[WhiteElo "2508"]
[BlackElo "2781"]
[TimeControl "180+1"]
[EndTime "9:59:24 PST"]
[Termination "GMRAVEN_ON_YOUTUBE won on time"]

1. d4 f5 2. c4 Nf6 3. Nc3 g6 4. e3 Bg7 5. Nf3 O-O 6. Bd3 d6 7. O-O Nc6 8. d5 Nb4 9. Be2 a5 10. Nd4 Na6 11. Re1 Nc5 12. b3 e5 13. dxe6 c6 14. Ba3 Qe7 15. Na4 Nxa4 16. bxa4 Ne4 17. Rc1 Nc5 18. Nb3 Bxe6 19. Nxc5 dxc5 20. Qc2 Rfd8 21. Rcd1 Rxd1 22. Rxd1 Rd8 23. g3 Rxd1+ 24. Qxd1 b6 25. Qd2 Qd7 26. Qxd7 Bxd7 27. Kf1 Bc3 28. Bf3 Be6 29. Be2 Kg7 30. f3 Kf6 31. Kf2 g5 32.
Bc1 Ke5 33. Bd3 h6 34. Ke2 Kf6 35. Kf2 h5 36. h4 gxh4 37. gxh4 Kg6 38. e4 Bf6 39.
Kg3 Be5+ 40. f4 Bc3 41. e5 Be1+ 42. Kh3 Kf7 43. Be3 Ke7 44. Be2 Bf7 45. Bf3 Bxc4 46. Bxc6 Bxa2 47. Bf3 Bf7 48. Be2 Be8 0-1

[Event "Early-Titled-Tuesday-Blitz-February-13-2024"]
[Site "Chess.com"]
[Date "2024.02.13"]
[Round "10"]
[White "eagleclaw07"]
[Black "krasavetc"]
[Result "0-1"]
[WhiteElo "2799"]
[BlackElo "2651"]
[TimeControl "180+1"]
[EndTime "9:59:25 PST"]
[Termination "krasavetc won by resignation"]

1. e4 c5 2. Nf3 Nc6 3. d4 cxd4 4. Nxd4 Nf6 5. Nc3 e5 6. Ndb5 d6 7. Bg5 a6 8. Na3 b5 9. Nd5 Be7 10. Bxf6 Bxf6 11. c3 Rb8 12. Nc2 Bg5 13. h4 Bxh4 14. g3 Bg5 15. Bh3 Be6 16. Kf1 O-O 17. Kg2 g6 18. f4 exf4 19. gxf4 Bf6 20. Nce3 Bg7 21. Qf3 b4 22. c4 Nd4 23. Qg3 b3 24. a3 Nc2 25.
Rab1 Nxe3+ 26. Qxe3 Re8 27. Rhd1 Qh4 28. Bxe6 fxe6 29.
Nb4 Rf8 30. Nd3 Bh6 31. Rf1 e5 32. Qg3 Qxg3+ 33. Kxg3 exf4+ 34. Nxf4 Rbc8 35. Rbc1 Rf7 36. Rc3 Rcf8 37. Rcf3 Rxf4 38. Rxf4 Rxf4 39. Rxf4 Bxf4+ 40. Kxf4 Kf7 41. e5 Ke6 42. exd6 Kxd6 43. Kg5 Kc5 0-1

[Event "Early-Titled-Tuesday-Blitz-February-13-2024"]
[Site "Chess.com"]
[Date "2024.02.13"]
[Round "10"]
[White "GOGIEFF"]
[Black "DenLaz"]
[Result "1/2-1/2"]
[WhiteElo "3034"]
[BlackElo "3068"]
[TimeControl "180+1"]
[EndTime "9:59:26 PST"]
[Termination "Game drawn by agreement"]

1. c4 Nf6 2. Nc3 e5 3. e3 d5 4. cxd5 Nxd5 5. Nf3 Nxc3 6. bxc3 Bd6 7. d4 Nc6 8. Bb5 e4 9. Nd2 Qg5 10. Qa4 O-O 11.
Bxc6 bxc6 12. Qxc6 Rb8 13. O-O Rb6 14. Qxe4 Bxh2+ 15. Kxh2 Bb7 16. Nf3 Qb5 17. d5 Bxd5 18. c4 Bxc4 19. Rd1 Be2 20. Rd5 Qc6 21. Nd4 Qc3 22. Nxe2 Qxa1 23. Ba3 Rh6+ 24. Kg3 Rg6+ 25. Kf3 Rf6+ 26. Nf4 Rb8 27. Qd4 Qxd4 28. exd4 Ra6 29. Bc5 Rxa2 30. Rd7 h6 31. Rxc7 Rb3+ 32. Ke4 Rxf2 33.
d5 Rd2 34. d6 Rc3 35. Be3 Rxe3+ 36. Kxe3 Rxd6 37. Rxa7 Rb6 38. Nd5 1/2-1/2

[Event "Early-Titled-Tuesday-Blitz-February-13-2024"]
[Site "Chess.com"]
[Date "2024.02.13"]
[Round "10"]
[White "Inepton_Fermion"]
[Black "David_George21"]
[Result "0-1"]
[WhiteElo "2388"]
[BlackElo "2271"]
[TimeControl "180+1"]
[EndTime "9:59:26 PST"]
[Termination "David_George21 won by resignation"]

1. e4 c5 2. Nf3 d6 3. d4 cxd4 4. Nxd4 Nf6 5. Nc3 Nc6 6. Bg5 e6 7. Qd2 h6 8. Nxc6 bxc6 9. Bf4 d5 10. O-O-O Bb4 11. Qe3 Qa5 12. Be5 Ng4 13. Qg3 Nxe5 14.
Qxg7 Ng6 15. exd5 Bxc3 16. bxc3 cxd5 17. Bd3 Qa3+ 18. Kd2 Qf8 19. Qf6 Qe7 20. Qg7 Qg5+ 21. Ke1 Qe5+ 22. Qxe5 Nxe5 23. Be2 Bd7 24. f4 Ng6 25. f5 Ne7 26. fxe6 fxe6 27. Bh5+ Kd8 28. Rf1 Rc8 29. Rf7 Rxc3 30. Rb1 Be8 31. Rg7 Bxh5 32.
Rb7 Re8 33. g4 Bg6 34. Rxa7 Rxc2 35. a4 d4 36. Ra8+ Rc8 37. Ra7 d3 38. Kd1 Rc7 39. Ra8+ Kd7 40. Ra5 Rb8 41. Rb5 Rxb5 42. axb5 Rb7 43. h4 Be4 44. g5 hxg5 45. Rxg5 Bf5 46. h5 Rxb5 47. h6 Rb1+ 48. Kd2 Rh1 49. Rxf5 Nxf5 50.
Kxd3 Rxh6 51. Ke4 Rh4+ 52. Ke5 Rh5 0-1

[Event "Early-Titled-Tuesday-Blitz-February-13-2024"]
[Site "Chess.com"]
[Date "2024.02.13"]
[Round "10"]
[White "ChessSkool"]
[Black "MarcoRiehle"]
[Result "0-1"]
[WhiteElo "2708"]
[BlackElo "2867"]
[TimeControl "180+1"]
[EndTime "9:59:27 PST"]
[Termination "MarcoRiehle won on time"]

1. d4 d5 2. Nf3 Nf6 3. c3 e6 4. Bf4 c5 5. e3 Bd6 6. Nbd2 cxd4 7. Bxd6 dxe3 8. Ba3 exd2+ 9. Qxd2 Nc6 10. Qg5 g6 11.
Bd3 Ne4 12. Qh6 Qf6 13. O-O Bd7 14. Rfe1 O-O-O 15. Bxe4 dxe4 16. Rxe4 e5 17. Rae1 Bf5 18. R4e2 Bg4 19. Re3 Bxf3 20. Rxf3 Qe6 21. b3 f5 22. h3 e4 23. Rfe3 Ne5 24. c4 Nd3 25.
R1e2 Rd7 26. Kh2 Rhd8 27. g3 Ne5 28. Bb2 Rd2 29. Bxe5 Qxe5 30. Rxe4 Qb2 31. Rxd2 Qxd2 32.
Qxd2 Rxd2 33. Re8+ Kd7 34. Rh8 Rxf2+ 35. Kg1 Rxa2 36.
Rxh7+ Kc6 37. Rg7 Rb2 38. Rxg6+ Kc5 39. h4 Rb1+ 40. Kg2 Rb2+ 41. Kh3 Rxb3 42. Rg5 Rb1 43. Rxf5+ Kxc4 44. h5 b5 45. Rf4+ Kc3 46. Rh4 Rd1 47. h6 Rd8 48. g4 b4 49. g5 b3 50. Kg3 b2 51. Rh1 a5 52. h7 a4 53. g6 a3 54. g7 Rd3+ 55. Kf4 Rd4+ 56. Kf5 a2 57. g8=Q b1=Q+ 58. Rxb1 axb1=Q+ 59. Kf6 Qf1+ 60. Kg5 Qg2+ 61. Kf5 Qf3+ 62. Ke5 Qe3+ 0-1

[Event "Early-Titled-Tuesday-Blitz-February-13-2024"]
[Site "Chess.com"]
[Date "2024.02.13"]
[Round "10"]
[White "Zhigalko_Sergei"]
[Black "Yurovskykh_Oleksandr"]
[Result "0-1"]
[WhiteElo "2923"]
[BlackElo "2679"]
[TimeControl "180+1"]
[EndTime "9:59:27 PST"]
[Termination "Yurovskykh_Oleksandr won on time"]

1. g4 d5 2. Bg2 c6 3. g5 h6 4. h4 hxg5 5. hxg5 Rxh1 6. Bxh1 e5 7. d3 Bd6 8. e4 Ne7 9. Qh5 Ng6 10. exd5 cxd5 11.
Nc3 Bb4 12. Ne2 d4 13. a3 Ba5 14. b4 dxc3 15. bxa5 Qxa5 16. Qh7 Nc6 17. Qg8+ Nf8 18. Qxg7 Be6 19. Qf6 Nd7 20. Qh8+ Nf8 21. Rb1 O-O-O 22. Bxc6 bxc6 23. Qh4 Ng6 24. Qb4 Qxb4 25. Rxb4 Rh8 26. Nxc3 Rh1+ 27. Kd2 Nh4 28. Bb2 Nf3+ 29. Ke3 Nxg5 30.
Na4 Re1+ 31. Kd2 Nf3+ 32. Kc3 Nd4 33. Nc5 Re2 34. Ra4 Rxc2+ 35. Kb4 Rxb2+ 36. Ka5 Rb5+ 37. Ka6 Rxc5 38. Kxa7 Rc3 39. Rb4 Kc7 0-1

[Event "Early-Titled-Tuesday-Blitz-February-13-2024"]
[Site "Chess.com"]
[Date "2024.02.13"]
[Round "10"]
[White "djano"]
[Black "Tolyanius"]
[Result "1-0"]
[WhiteElo "2659"]
[BlackElo "2517"]
[TimeControl "180+1"]
[EndTime "9:59:27 PST"]
[Termination "djano won by checkmate"]

1. e4 e5 2. Nf3 Nc6 3. d4 exd4 4. Nxd4 Bc5 5. Nb3 Bb6 6. Nc3 Nge7 7. Bg5 O-O 8. Qd2 f6 9. Bf4 f5 10. O-O-O fxe4 11. Nxe4 Ng6 12. Bc4+ Kh8 13. Bg5 Nce7 14. Kb1 d5 15.
Bxd5 Qxd5 16. Qxd5 Nxd5 17. Rxd5 Bf5 18. f3 h6 19. Bc1 Bxe4 20. fxe4 Rae8 21. Re1 Rf2 22. c4 c6 23. Rd7 Ne5 24. Rxb7 Nxc4 25. g4 Rxh2 26. a4 Rh4 27. g5 hxg5 28. Bxg5 Rhxe4 29. Rh1+ Kg8 30. a5 Be3 31. Bxe3 Rxe3 32. Nd4 R3e7 33. a6 c5 34. Nc6 Re1+ 35. Rxe1 Rxe1+ 36. Ka2 Re2 37.
Nxa7 g5 38. Nc6 g4 39. a7 Re8 40. Rb8 Rxb8 41. axb8=Q+ Kf7 42. Qf4+ Ke6 43. Qxc4+ Kd6 44. Nd4 Kc7 45. Qxc5+ Kd7 46. Qc6+ Kd8 47. Qb7 g3 48. Nc6+ Ke8 49. Qe7# 1-0

[Event "Early-Titled-Tuesday-Blitz-February-13-2024"]
[Site "Chess.com"]
[Date "2024.02.13"]
[Round "10"]
[White "KuzubovYuriy"]
[Black "FairChess_on_YouTube"]
[Result "1-0"]
[WhiteElo "2966"]
[BlackElo "3078"]
[TimeControl "180+1"]
[EndTime "9:59:28 PST"]
[Termination "KuzubovYuriy won on time"]

1. d4 d5 2. c4 e6 3. Nf3 Nf6 4.
Nc3 a6 5. cxd5 exd5 6. Bg5 Be6 7. Bxf6 Qxf6 8. Qb3 Ra7 9. g3 Qd8 10. h4 Be7 11. Bh3 Bxh3 12. Rxh3 c6 13. Kf1 Nd7 14.
e4 dxe4 15. Nxe4 O-O 16. Re1 Nf6 17. Kg2 h6 18. Rhh1 Qd5 19. Nxf6+ Bxf6 20. Qxd5 cxd5 21. Rc1 Re8 22. Rc2 Raa8 23. Rc7 Re2 24. Rxb7 Rc8 25. Re1 Rxe1 26. Nxe1 Bxd4 27. Kf1 h5 28. Ke2 Re8+ 29. Kf1 Rc8 30. Rb4 Bc5 31. Ra4 Rc6 32. Rf4 g6 33. Ke2 Re6+ 34. Kd1 Re4 35. Rf3 f5 36. Nd3 Bd6 37.
Kd2 Kf7 38. Re3 Bc7 39. Re2 Ba5+ 40. Kd1 Bb6 41. f3 Rxe2 42. Kxe2 Bc7 43. Nf4 g5 44. hxg5 h4 45. g6+ Kg8 46. Nxd5 Bxg3 47. Ne7+ Kg7 48. Nxf5+ Kxg6 49. Nxg3 hxg3 50. Kf1 Kf5 51. Kg2 Kf4 52.
b4 1-0

[Event "Early-Titled-Tuesday-Blitz-February-13-2024"]
[Site "Chess.com"]
[Date "2024.02.13"]
[Round "10"]
[White "stollenmonster"]
[Black "DamianoLew95"]
[Result "0-1"]
[WhiteElo "2881"]
[BlackElo "2740"]
[TimeControl "180+1"]
[EndTime "9:59:28 PST"]
[Termination "DamianoLew95 won by resignation"]

1. e4 c5 2. Nf3 d6 3. d4 cxd4 4. Nxd4 Nf6 5. Nc3 Nc6 6. Nde2 e6 7. g3 d5 8. exd5 Nxd5 9. Bg2 Nxc3 10. Qxd8+ Kxd8 11. Nxc3 f6 12. Be3 a6 13. Bb6+ Ke8 14. O-O-O Bb4 15.
Ne4 e5 16. Nd6+ Bxd6 17. Rxd6 Bf5 18. f4 Rc8 19. Re1 Nb4 20. c3 Nd3+ 21. Rxd3 Bxd3 22.
fxe5 Kf7 23. Bd5+ Kg6 24. e6 Bc4 25. Be4+ f5 26. Bg2 Rhe8 27. e7 Kf7 28. Bd8 Bxa2 29. Bxb7 Rb8 30. Bxa6 Bb3 31. c4 Rbxd8 32. exd8=Q Rxe1+ 33. Kd2 Rd1+ 34. Kc3 Rxd8 35. Kxb3 g5 36. Kc3 f4 37.
gxf4 gxf4 38. Bb7 Kf6 39. b4 Re8 40. c5 f3 41. Kd4 f2 42. Ba6 Ra8 43. Bc4 Ra1 44.
c6 Ke7 45. b5 Kd6 46. h4 f1=Q 47.
Bxf1 Rxf1 0-1

[Event "Early-Titled-Tuesday-Blitz-February-13-2024"]
[Site "Chess.com"]
[Date "2024.02.13"]
[Round "10"]
[White "Louis-Paulsen-Fan"]
[Black "MIss_MIaMI"]
[Result "1-0"]
[WhiteElo "2280"]
[BlackElo "2414"]
[TimeControl "180+1"]
[EndTime "9:59:28 PST"]
[Termination "Louis-Paulsen-Fan won by checkmate"]

1. d4 c5 2. d5 g6 3. c4 Bg7 4. e4 d6 5. Nf3 Bg4 6. Be2 Bxf3 7.
Bxf3 Nd7 8. O-O a6 9. a4 b6 10. Be2 Rb8 11. Qc2 Ngf6 12. Nc3 O-O 13. Bf4 Ne8 14. Bg3 Kh8 15. f4 f5 16. Bd3 Bd4+ 17.
Kh1 fxe4 18. Nxe4 Nef6 19. Ng5 Ng4 20. Ne6 Ne3 21. Qe2 Qe8 22. Rfe1 Rf7 23. Bf2 Nf5 24. Bxf5 Bxf2 25. Bxg6 Bxe1 26. Bxf7 Qxf7 27. Rxe1 Rg8 28. h3 Qg6 29. Qf3 Nf6 30. g4 Nd7 31. b3 h6 32.
Kg2 Qf6 33. Re2 Qa1 34. Qe4 Nf6 35. Qd3 Qc1 36. Qf3 Qd1 37. Nc7 Rg7 38. Nxa6 Qb1 39. Nc7 h5 40. g5 Nh7 41. Qxh5 Qxb3 42. Ne6 Qxc4 43. Nxg7 Kxg7 44. Rxe7+ Kf8 45. Qf7# 1-0

[Event "Early-Titled-Tuesday-Blitz-February-13-2024"]
[Site "Chess.com"]
[Date "2024.02.13"]
[Round "10"]
[White "LiamPutnam2008"]
[Black "Sam_ChessMood"]
[Result "0-1"]
[WhiteElo "2812"]
[BlackElo "2937"]
[TimeControl "180+1"]
[EndTime "9:59:29 PST"]
[Termination "Sam_ChessMood won by resignation"]

1. e4 c5 2. Nf3 e6 3. d4 cxd4 4. Nxd4 Nf6 5. Nc3 Nc6 6. a3 Be7 7. Be3 O-O 8. Be2 d6 9. O-O Bd7 10. f4 a6 11. Qe1 Qb8 12. Kh1 b5 13. Nxc6 Bxc6 14. Bd3 e5 15. fxe5 dxe5 16. Qg3 Kh8 17. Rf5 Bd7 18. Rf3 Be6 19. Raf1 Nh5 20. Qf2 Nf4 21.
Rxf4 exf4 22. Bxf4 Bd6 23. e5 Bxe5 24. Qh4 f5 25. Bd2 Bf6 26. Qh3 Qd6 27. Ne2 Bc4 28. Bb4 Qc6 29. Bxf5 h6 30. Nf4 Bxf1 31. Ng6+ Kg8 32.
Be6+ Rf7 33. Bc3 Bc4 34. Bxf7+ Bxf7 35. Nf4 Bxc3 36. bxc3 Qf6 37. Qe3 Re8 38. Qg3 Qxf4 0-1

[Event "Early-Titled-Tuesday-Blitz-February-13-2024"]
[Site "Chess.com"]
[Date "2024.02.13"]
[Round "10"]
[White "margarita_2703"]
[Black "amiqu"]
[Result "0-1"]
[WhiteElo "2360"]
[BlackElo "2115"]
[TimeControl "180+1"]
[EndTime "9:59:29 PST"]
[Termination "amiqu won by resignation"]

1. e4 e5 2. Nf3 Nc6 3. Bc4 Nf6 4. O-O Nxe4 5. Nc3 Nxc3 6. dxc3 f6 7. Nh4 g6 8. f4 Bc5+ 9. Kh1 f5 10. Nxf5 d5 11. Ng7+ Kf7 12. Bxd5+ Kxg7 13. fxe5 Nxe5 14. Bf4 Ng4 15. h3 c6 16. hxg4 Qxd5 17. Qxd5 cxd5 18. Be5+ Kg8 19. Rae1 Bxg4 20. Bxh8 Kxh8 21. Rf7 Rf8 22.
Ref1 Kg8 23. Rxf8+ Bxf8 24. Rf4 Be6 25. a4 Kg7 26. a5 Bd6 27. Rf2 Bc7 28. Re2 Kf7 29. Rf2+ Ke7 30. b4 Be5 31. Rf3 a6 32. Re3 Kd6 33. g3 Bf5 34. Kg2 Bxc2 35. Kf2 Be4 36. Ke2 h5 37. Kd2 h4 38. c4 hxg3 39. Re1 g2 40. Ke3 Bh2 41. cxd5 Bxd5 42. Kf2 g1=Q+ 43. Rxg1 Bxg1+ 44. Kxg1 Kc6 45. Kf2 Kb5 46. Kg3 Kxb4 47. Kf4 Kxa5 48. Kg5 Kb4 49. Kxg6 Kc3 0-1

[Event "Early-Titled-Tuesday-Blitz-February-13-2024"]
[Site "Chess.com"]
[Date "2024.02.13"]
[Round "10"]
[White "yaguigor"]
[Black "Chernov_Alexander_A"]
[Result "1-0"]
[WhiteElo "2647"]
[BlackElo "2290"]
[TimeControl "180+1"]
[EndTime "9:59:29 PST"]
[Termination "yaguigor won on time"]

1. Nf3 d5 2. d4 c5 3. c4 e6 4.
cxd5 exd5 5. Nc3 Nc6 6. g3 Nf6 7. Bg2 Be7 8. O-O O-O 9. Bg5 cxd4 10. Nxd4 h6 11. Be3 Re8 12. Qb3 Na5 13. Qc2 Bg4 14.
h3 Bh5 15. Rad1 Rc8 16. Nf5 Bb4 17. g4 Bg6 18. Bd4 h5 19. Qa4 Bxc3 20. Bxc3 Nc6 21.
Nxg7 Rxe2 22. Nxh5 Bxh5 23. gxh5 Ne4 24. Bxe4 Rxe4 25.
Qxe4 dxe4 26. Rxd8+ Rxd8 27. Kh2 Kh7 28. Rg1 Kh6 29.
Rg7 Rd7 30. Kg3 Kxh5 31. Kf4 Ne7 32. Bf6 Nd5+ 33. Ke5 Nxf6 34. Kxf6 Rd6+ 35. Kf5 Rd5+ 36. Kxe4 Rd3 37. Kxd3 1-0

[Event "Early-Titled-Tuesday-Blitz-February-13-2024"]
[Site "Chess.com"]
[Date "2024.02.13"]
[Round "10"]
[White "Juicy_Fork"]
[Black "GulamaliRises"]
[Result "1-0"]
[WhiteElo "2489"]
[BlackElo "2615"]
[TimeControl "180+1"]
[EndTime "9:59:31 PST"]
[Termination "Juicy_Fork won by resignation"]

1. e4 e5 2. Nf3 Nc6 3. Nc3 Bb4 4. Nd5 Be7 5. d4 d6 6. Bb5 exd4 7. Nxd4 Bd7 8. O-O Nf6 9. Bg5 O-O 10. Bxc6 bxc6 11.
Nxe7+ Qxe7 12. Re1 Rab8 13. b3 h6 14. Bh4 g5 15.
Bg3 Rfe8 16. e5 dxe5 17. Rxe5 Qb4 18. Qd3 Ng4 19. Rxe8+ Rxe8 20. c3 Qe7 21. h3 Ne5 22. Bxe5 Qxe5 23. Nf3 Qd5 24. Rd1 Qxd3 25. Rxd3 Bf5 26.
Rd4 Re2 27. Ra4 Bb1 28. a3 Bc2 29. Nd4 Re1+ 30. Kh2 Bd1 31. Rxa7 c5 32. Nf5 Bxb3 33. Rxc7 h5 34. Rxc5 Re2 35. Nd4 Rxf2 36. Nxb3 f6 37. a4 Rb2 38. Rb5 Kf7 39. a5 Ra2 40. Nc5 h4 41. a6 Kg6 42. Rb7 f5 43. a7 g4 44.
hxg4 fxg4 45. Rb6+ Kf5 46. Ra6 g3+ 47. Kh3 1-0

[Event "Early-Titled-Tuesday-Blitz-February-13-2024"]
[Site "Chess.com"]
[Date "2024.02.13"]
[Round "10"]
[White "giomar27"]
[Black "Mikhail_Golubev"]
[Result "0-1"]
[WhiteElo "2475"]
[BlackElo "2676"]
[TimeControl "180+1"]
[EndTime "9:59:31 PST"]
[Termination "Mikhail_Golubev won by resignation"]

1. e4 c5 2. Nf3 d6 3. Bc4 Nf6 4. d3 g6 5. O-O Bg7 6. a4 O-O 7. Re1 Bg4 8. h3 Bxf3 9. Qxf3 Nc6 10. c3 e6 11. Bf4 d5 12. Bb3 dxe4 13. dxe4 Nd7 14.
Nd2 Nde5 15. Qe2 Nd3 16. Be3 Nxe1 17. Rxe1 b6 18. f4 Kh8 19. e5 f6 20. exf6 Qxf6 21.
Ne4 Qh4 22. Bxe6 Rae8 23. Ng5 Nd8 24. Bg4 Rxf4 25. Nf3 Qe7 26. Nd2 Rff8 27. Qd3 Qh4 28. Re2 Nc6 29. Nf3 Qg3 30. Bf2 Qc7 31. Rd2 Rd8 32. Qc2 Rxd2 33. Qxd2 Ne5 34. Nxe5 Bxe5 35. Qh6 Bh2+ 36. Kf1 Qf4 37. Qxf4 Bxf4 38. Ke2 Bc1 39. b3 Bb2 40. c4 Kg7 41. Bf3 Bd4 42. Bg3 h6 43.
Kd3 g5 44. Bd6 Rd8 45. Be7 Rd7 46. Bxg5 0-1

[Event "Early-Titled-Tuesday-Blitz-February-13-2024"]
[Site "Chess.com"]
[Date "2024.02.13"]
[Round "10"]
[White "omer1997"]
[Black "Statham_01"]
[Result "1-0"]
[WhiteElo "2457"]
[BlackElo "2564"]
[TimeControl "180+1"]
[EndTime "9:59:31 PST"]
[Termination "omer1997 won by checkmate"]

1. e4 e5 2. Nf3 Nf6 3. Nc3 Nc6 4. Bb5 Nd4 5. Ba4 c6 6. d3 d5 7. exd5 Bg4 8. dxc6 b5 9. Bxb5 Qc7 10. Be3 Bxf3 11. gxf3 Bb4 12. Ba4 O-O 13. Kf1 Qa5 14. Bb3 Bxc3 15. bxc3 Qxc3 16. Rg1 Qxc6 17. f4 Nf3 18. Rg3 Nxh2+ 19. Kg1 Nhg4 20. Rxg4 Nxg4 21. Qxg4 Rae8 22. f5 e4 23. d4 Kh8 24. Rd1 a5 25. d5 Qd7 26. a4 f6 27. d6 Re5 28. Be6 Qxa4 29. d7 Rd8 30. Qh5 Qb5 31. Qf7 h6 32. Qe7 Qb8 33. Kg2 Rb5 34. Rh1 Rb1 35. Rxb1 Qc7 36.
Rh1 Rxd7 37. Qe8+ Kh7 38. Qg8# 1-0

[Event "Early-Titled-Tuesday-Blitz-February-13-2024"]
[Site "Chess.com"]
[Date "2024.02.13"]
[Round "10"]
[White "secrethawk1"]
[Black "mertfelin"]
[Result "1-0"]
[WhiteElo "2483"]
[BlackElo "2322"]
[TimeControl "180+1"]
[EndTime "9:59:31 PST"]
[Termination "secrethawk1 won by resignation"]

1. d4 d5 2. Bf4 Nf6 3. e3 e6 4.
Nf3 Bd6 5. Bg3 c5 6. c3 Qc7 7. Nbd2 Nbd7 8. Bd3 O-O 9. O-O Bxg3 10. hxg3 e5 11.
dxe5 Nxe5 12. Nxe5 Qxe5 13. Nf3 Qh5 14. Nh2 Bg4 15. f3 Be6 16. g4 Qe5 17. Qd2 Bd7 18.
Rae1 Rfe8 19. Rf2 Rad8 20. Nf1 a6 21. f4 Qc7 22. g5 Ne4 23. Bxe4 dxe4 24. Qc2 Bg4 25.
Ng3 b5 26. Nxe4 Qc6 27. Ng3 Qd6 28. Kh2 Re7 29. e4 Bc8 30. Rh1 Red7 31. Nf5 Qe6 32. e5 Bb7 33. Nd6 Bd5 34. Kg1 Bxa2 35. Qxh7+ Kf8 36.
Qh8+ Ke7 37. Qxg7 Rxd6 38. exd6+ Rxd6 39. Qe5 Qxe5 40. fxe5 Re6 41. Re2 Bb1 42. Kf2 Bd3 43.
Re3 Bc2 44. Rh6 a5 45. Rxe6+ Kxe6 46. g4 a4 47. Kg3 Bb3 48. Kf4 Bc2 49. Re2 Bg6 50. Rd2 b4 51. cxb4 cxb4 52. Rd4 a3 53. bxa3 b3 54. Rb4 Bc2 55. a4 1-0

[Event "Early-Titled-Tuesday-Blitz-February-13-2024"]
[Site "Chess.com"]
[Date "2024.02.13"]
[Round "10"]
[White "Bauman_Guy"]
[Black "Njal28"]
[Result "0-1"]
[WhiteElo "2893"]
[BlackElo "2999"]
[TimeControl "180+1"]
[EndTime "9:59:32 PST"]
[Termination "Njal28 won by resignation"]

1. e4 e5 2. Nf3 Nc6 3. Bb5 a6 4. Ba4 Nf6 5. O-O Be7 6. d3 b5 7.
Bb3 d6 8. a4 b4 9. a5 O-O 10. Nbd2 Rb8 11. Nc4 h6 12. h3 Be6 13.
Be3 Qc8 14. Qe2 Rd8 15. Nfd2 d5 16. Ba4 dxc4 17. Bxc6 Rd6 18. Bc5 Rxc6 19. Bxe7 cxd3 20. cxd3 Nd7 21. Rfc1 Rxc1+ 22. Rxc1 Rb5 23. Nf3 Qe8 24. Bh4 c5 25. Ra1 f6 26. Bg3 Qd8 27. Nh4 Rxa5 28. Rc1 Ra2 29. Nf5 Qe8 30. Qc2 Bxf5 31. exf5 Qf7 32. f3 a5 33. Bf2 a4 34. Bxc5 Nxc5 35.
Qxc5 Rxb2 36. Qc8+ Kh7 37. Qe6 Qa7+ 38. Kh1 Qf2 39.
Rg1 a3 40. Qe8 Qg3 41. d4 exd4 42. Qe4 a2 43. f4 d3 44. Rc1 Rb1 0-1

[Event "Early-Titled-Tuesday-Blitz-February-13-2024"]
[Site "Chess.com"]
[Date "2024.02.13"]
[Round "10"]
[White "Goryachkina"]
[Black "rezamahdavi2008"]
[Result "0-1"]
[WhiteElo "2697"]
[BlackElo "2849"]
[TimeControl "180+1"]
[EndTime "9:59:32 PST"]
[Termination "rezamahdavi2008 won by checkmate"]

1. e4 e5 2. Nf3 Nc6 3. d4 exd4 4.
Nxd4 Nf6 5. Nxc6 bxc6 6. Nd2 d5 7. exd5 Qxd5 8. Qf3 Bd6 9. Qxd5 cxd5 10. Bb5+ Bd7 11. Bxd7+ Kxd7 12. O-O Rhe8 13. Nf3 c5 14. Bd2 Ne4 15.
Rad1 Kc6 16. Bc1 Rad8 17. Rfe1 f6 18. Kf1 Bc7 19. h3 d4 20. Nd2 f5 21. Nc4 g5 22.
Rd3 g4 23. h4 Re6 24. g3 Rde8 25. Kg2 Nxg3 26. Rxe6+ Rxe6 27. Rxg3 Re2 28. Bd2 h5 29. b3 f4 30. Rd3 f3+ 31. Kf1 Bd8 32. Bg5 Bxg5 33.
hxg5 h4 34. Kg1 Kd5 35. g6 Ke6 36. Rd2 Kf6 37. Kh2 g3+ 38. Kg1 Re1# 0-1

[Event "Early-Titled-Tuesday-Blitz-February-13-2024"]
[Site "Chess.com"]
[Date "2024.02.13"]
[Round "10"]
[White "ActorXu"]
[Black "AttackSparrow"]
[Result "1-0"]
[WhiteElo "2813"]
[BlackElo "2629"]
[TimeControl "180+1"]
[EndTime "9:59:32 PST"]
[Termination "ActorXu won on time"]

1. e4 e5 2. Nf3 Nc6 3. Bc4 Nf6 4. d3 Be7 5. Rg1 d6 6. Nc3 Na5 7. h3 Nxc4 8. dxc4 Be6 9. b3 b6 10. Bg5 Nd7 11. Bxe7 Qxe7 12. Nd5 Qd8 13. a4 a5 14.
g4 Nc5 15. Qe2 Nd7 16. O-O-O Nf8 17. h4 Bxd5 18. cxd5 Ng6 19. h5 Nf4 20. Qe3 h6 21. Kb2 Qf6 22. Qc3 O-O-O 23. Qc4 g6 24. hxg6 fxg6 25.
Rg3 g5 26. Ne1 Qf7 27. Rc3 Kb8 28. f3 Qd7 29. Rd2 h5 30. gxh5 Rxh5 31. Ng2 Rh3 32. Rf2 Rf8 33. Ne3 Rf7 34. Nf5 Ng6 35. Qa6 Nh4 36. Rc6 Qc8 37. Qb5 Nxf5 38. exf5 Rxf5 39.
b4 axb4 40. a5 Ka7 41. axb6+ Ka8 42. bxc7 Rf4 43. Ra6+ 1-0

[Event "Early-Titled-Tuesday-Blitz-February-13-2024"]
[Site "Chess.com"]
[Date "2024.02.13"]
[Round "10"]
[White "MrChessSponge"]
[Black "Viktor_Poddubnyi"]
[Result "1-0"]
[WhiteElo "2493"]
[BlackElo "2265"]
[TimeControl "180+1"]
[EndTime "9:59:32 PST"]
[Termination "MrChessSponge won on time"]

1. e4 g6 2. d4 Bg7 3. h4 d5 4. e5 c5 5. c3 Nc6 6. Be3 Bf5 7. h5 gxh5 8. Bd3 Bg6 9. e6 cxd4 10. cxd4 Qa5+ 11.
Nc3 fxe6 12. Bxg6+ hxg6 13. Qd3 O-O-O 14. Ne2 Nf6 15. O-O Kb8 16. Nf4 e5 17. dxe5 Nxe5 18. Qb5 Qxb5 19. Nxb5 a6 20. Nd4 Nc4 21. Nxg6 Nxe3 22.
fxe3 Rh7 23. Nxe7 Ne4 24. Rf7 Nd6 25. Nec6+ Ka8 26. Nxd8 Nxf7 27. Nxf7 Bxd4 28. exd4 Rxf7 29. Re1 Rf4 30. Re5 Rxd4 31. Rxh5 Ka7 32. Rf5 Kb6 33. Rf7 a5 34. Kf1 a4 35. Ke1 Rg4 36. Rf2 Kc5 37. Rc2+ Kd6 38. Kf2 b5 39. g3 Rc4 40. Rxc4 dxc4 41.
Ke3 b4 42. Kd2 Ke5 43. a3 1-0

[Event "Early-Titled-Tuesday-Blitz-February-13-2024"]
[Site "Chess.com"]
[Date "2024.02.13"]
[Round "10"]
[White "sewlins"]
[Black "kidagent"]
[Result "0-1"]
[WhiteElo "2128"]
[BlackElo "2335"]
[TimeControl "180+1"]
[EndTime "9:59:34 PST"]
[Termination "kidagent won on time"]

1. Nf3 Nf6 2. c4 c6 3. g3 d5 4. Bg2 e6 5. O-O Nbd7 6. d4 Bd6 7. Nbd2 O-O 8. Qc2 Qe7 9. e4 dxe4 10. Nxe4 Nxe4 11. Qxe4 Nf6 12. Qe2 b6 13. Ne5 Bb7 14. Nxc6 Qc7 15. Ne5 Bxg2 16. Kxg2 Bxe5 17. dxe5 Nd7 18.
Bf4 Rac8 19. b3 Rfd8 20. Rad1 Nc5 21. Rd6 Rxd6 22. exd6 Qc6+ 23. Qf3 f6 24. Rd1 Nd7 25. g4 e5 26. Bg3 Kf7 27. Rd5 a6 28. g5 b5 29. gxf6 gxf6 30. Qh5+ Kg8 31. Qg4+ Kf7 32. f3 bxc4 33. bxc4 Rd8 34. Qe4 Nf8 35. c5 Ng6 36. Qc4 Kg7 37. h4 h5 38. Rd3 f5 39. Rb3 Rxd6 40. Rb7+ Qxb7 41. cxd6 Qb2+ 42. Bf2 Nf4+ 43. Kg3 Ne2+ 44. Kh3 Nf4+ 45. Kg3 Ne2+ 46. Kh2 Nd4 47. Qc7+ Kg6 48. Kg2 Qe2 49. Qb7 e4 50. fxe4 Qf3+ 51.
Kg1 Ne2+ 52. Kf1 Ng3+ 0-1

[Event "Early-Titled-Tuesday-Blitz-February-13-2024"]
[Site "Chess.com"]
[Date "2024.02.13"]
[Round "10"]
[White "aghasiyevkamal"]
[Black "Som2310"]
[Result "0-1"]
[WhiteElo "2624"]
[BlackElo "2808"]
[TimeControl "180+1"]
[EndTime "9:59:35 PST"]
[Termination "Som2310 won on time"]

1. d4 Nf6 2. c4 g6 3. Nc3 d5 4. cxd5 Nxd5 5. e4 Nxc3 6. bxc3 Bg7 7. Bc4 O-O 8. Ne2 c5 9. Be3 Nc6 10. O-O e6 11. Rc1 b6 12. Qd2 cxd4 13. cxd4 Bb7 14. Rfd1 Rc8 15. Bh6 Bxh6 16. Qxh6 Qf6 17. e5 Qg7 18.
Qe3 Rfd8 19. Nf4 Re8 20. Bb5 a6 21. Bxc6 Bxc6 22. d5 exd5 23. Qxb6 Qxe5 24. Nd3 Qe6 25. Qxa6 Ba8 26. Qxe6 fxe6 27. Ne5 Kf8 28. f4 Ke7 29. Kf2 Kd6 30. Ke3 Bb7 31. Kd4 Ra8 32. Rd2 Ra4+ 33. Ke3 Rf8 34. g3 g5 35. Nc4+ Ke7 36. Nb6 Re4+ 37.
Kf2 Kd6 38. Nc4+ Ke7 39. Nb6 Ba6 40. Rc7+ Kd6 41. Ra7 Bb5 42. a4 Bc6 43. Rxh7 gxf4 44. g4 f3 45. Rh3 Rxg4 46. Rxf3 Rh8 47. Ke3 Re4+ 48. Kd3 Rb4 49. a5 Rb3+ 50. Ke2 Rxh2+ 51. Rf2 Bb5+ 52. Ke1 Rh1+ 0-1